 Dungeon Crawl Stone Soup version 0.32-a0-933-ga8fa3634e4 (webtiles) character file.

Game seed: 12253818515337386586

12170 Heh the Carver (level 11, -6/87 HPs)
             Began as a Coglin Berserker on Apr 14, 2024.
             Was a High Priest of Trog.
             Mangled by a catoblepas (10 damage)
             ... while petrified by a catoblepas
             ... on level 1 of the Lair of Beasts.
             The game lasted 00:20:05 (10111 turns).

Heh the Carver (Coglin Berserker)                  Turns: 10111, Time: 00:20:05

Health: -6/87      AC: 10    Str: 17    XL:     11   Next: 89%
Magic:  11/11      EV:  2    Int:  5    God:    Trog [*****.]
Gold:   284        SH:  0    Dex: 18    Spells: 10/10 levels left

rFire   + . .        v - +1 scimitar {Rodica}
rCold   . . .        F - +3 scimitar (flame) {Manveen}
rNeg    + + +        a - +2 leather armour {rF+}
rPois   ∞            (no helmet)
rElec   +            V - +2 cloak {Stlth+}
rCorr   .            y - +0 pair of gloves
SInv    .            (no boots)
Will    .....        (amulet unavailable)
Stlth   ++           (ring unavailable)
HPRegen 0.34/turn    (ring unavailable)
MPRegen 0.12/turn    (no gizmo)

%: clarity
@: petrified, studying Shields
A: off-hand wielding, slow wielding, warmup strikes, no jewellery, clarity,
dopey 1, electricity resistance, noise suppression
a: Invent Gizmo, Renounce Religion, Berserk, Trog's Hand, Brothers in Arms


You were on level 1 of the Lair of Beasts.
You worshipped Trog.
Trog was extremely pleased with you.
You visited 2 branches of the dungeon, and saw 10 of its levels.
You also visited: Ossuary.

You collected 581 gold pieces.
You spent 297 gold pieces at shops.

Inventory:

Hand Weapons
 c - a +2 dagger of distortion
 q - the +9 dagger "Xiserat" {protect, rPois Str+4 Int-5 Dex+4}
   (You found it on level 3 of the Dungeon)

   Str+4:     It affects your strength (+4).
   Int-5:     It affects your intelligence (-5).
   Dex+4:     It affects your dexterity (+4).
   rPois:     It protects you from poison.
 v - a +1 scimitar (weapon) {Rodica}
 F - a +3 scimitar of flaming (offhand) {Manveen}
 L - a +5 spear of freezing
 P - a +2 short sword of holy wrath
 R - a +4 long sword {Octavia}
 T - the +5 short sword of the Six Leylines {pain, Int+7}
   (You found it on level 8 of the Dungeon)

   Int+7:     It affects your intelligence (+7).
 Z - a +4 flail
Missiles
 M - 2 silver javelins (quivered)
 Q - 2 boomerangs
Armour
 a - a +2 leather armour of fire resistance (worn)
 b - a +0 animal skin
 e - a +0 leather armour
 n - the +6 scale mail of Ashenzari's Regard {Rampage rPois rN++ Int-5}
   (You found it on level 2 of the Dungeon)

   Int-5:     It affects your intelligence (-5).
   rPois:     It protects you from poison.
   rN++:      It greatly protects you from negative energy.
   Rampage:   It bestows one free step when moving towards enemies.
 w - a +0 chain mail
 y - a +0 pair of gloves (worn)
 B - a +2 robe of willpower
 E - the +1 robe of Kindness {rF+ MP+9 Int+2}
   (You found it on level 5 of the Dungeon)

   Int+2:     It affects your intelligence (+2).
   rF+:       It protects you from fire.
   MP+9:      It affects your magic capacity (+9).
 H - a +0 plate armour
 K - a +2 plate armour of fire resistance
 V - a +2 cloak of stealth (worn)
Wands
 x - a wand of mindburst (8)
 N - a wand of polymorph (6)
 U - a wand of roots (8)
 X - a wand of paralysis (7)
Scrolls
 f - 3 scrolls of teleportation {unknown}
 i - 3 scrolls of fear
 p - 4 scrolls of noise
 s - a scroll of summoning {unknown}
 t - a scroll of identify
 u - 5 scrolls of immolation {unknown}
 C - a scroll of enchant armour
 D - a scroll of amnesia
 G - 2 scrolls of blinking
 W - a scroll of revelation
 Y - 3 scrolls of fog {unknown}
Potions
 d - 2 potions of resistance {unknown}
 g - 3 potions of heal wounds {unknown}
 h - a potion of berserk rage {unknown}
 j - a potion of enlightenment {unknown}
 k - 2 potions of ambrosia {unknown}
 l - 4 potions of haste
 m - 6 potions of degeneration {unknown}
 o - 5 potions of curing {unknown}
 r - 3 potions of lignification {unknown}
 z - 2 potions of attraction {unknown}
 I - a potion of invisibility
 O - 2 potions of might {unknown}


   Skills:
 + Level 8.8 Fighting
 - Level 14.0 Long Blades
 + Level 5.1 Armour
 + Level 7.7 Dodging


You had 10 spell levels left.
You didn't know any spells.
Your spell library was empty.

Dungeon Overview and Level Annotations

Branches:
Dungeon (9/15)             Temple (0/1) D:6            Lair (1/5) D:8
Ossuary (visited)
    Orc: D:9-12

Altars:
Hepliaklqana
Ru
Trog
Yredelemnul

Shops:
D:1 *(   D:2 (   D:3 [   D:8 [


Innate Abilities, Weirdness & Mutations

You can wield a second weapon in your off-hand.
It takes a long time for you to wield or remove held weapons.
Your first few attacks do less damage.
You cannot equip rings or amulets.
You possess an exceptional clarity of mind.
You are dopey. (Int -2)
You are resistant to electric shocks. (rElec)
You passively dampen the noise of your surroundings.


Message History

You are engulfed in calcifying dust.
You are slowing down.
The cane toad is engulfed in calcifying dust.
The cane toad stops moving altogether!
The cane toad is engulfed in calcifying dust.
The catoblepas breathes a plume of calcifying dust at you.
The blast of calcifying dust hits you!
The cane toad is engulfed in calcifying dust.
The catoblepas gores you!!
The cane toad is engulfed in calcifying dust.
Your limbs are stiffening.
You slice the catoblepas with your +3 scimitar of flaming!!
You burn the catoblepas.
The catoblepas is moderately wounded.
You hit the catoblepas but do no damage.
You are engulfed in calcifying dust.
Your limbs have turned to stone.
The cane toad is engulfed in calcifying dust.
The catoblepas completely misses you.
The cane toad is engulfed in calcifying dust.
You have turned to stone.
You are engulfed in calcifying dust.
The catoblepas gores you!
You are engulfed in calcifying dust.
The catoblepas gores you!!
You are engulfed in calcifying dust.
The catoblepas gores you!
You are engulfed in calcifying dust.
The catoblepas gores you!
You are engulfed in calcifying dust.
The catoblepas breathes a plume of calcifying dust at you.
The blast of calcifying dust hits you.
The cane toad is no longer petrified.
The cane toad stings you!
* * * LOW HITPOINT WARNING * * *
The catoblepas stomps with a crash on the ground.
The catoblepas breathes a plume of calcifying dust at you.
The blast of calcifying dust hits you but does no damage.
You are engulfed in calcifying dust.
The cane toad stings you!
* * * LOW HITPOINT WARNING * * *
The catoblepas gores you!!
* * * LOW HITPOINT WARNING * * *
You are engulfed in calcifying dust.
The cane toad stings you!
* * * LOW HITPOINT WARNING * * *
The catoblepas gores you!!
You die...

....#.## #....^.......
.(..#..###..(.......##
....+..##....^.....^.#
....#.###..........^.##
#.#.#.............^...#.
........................
........................
............^...F....^..
###.###.#.§^.§§§@Y.....#
### #.#....^......^..#
............^.##.#
###........^...(
##..#.......###
#####..##.## #### ##


You could see a catoblepas and a cane toad.

Vanquished Creatures
  A catoblepas (Lair:1)
  Pikel (D:4)
  Maurice (D:8)
  Maggie (D:7)
  3 cane toads (Lair:1)
  A komodo dragon (Lair:1)
  A polar bear (Lair:1)
  Prince Ribbit (D:6)
  4 blink frogs (Lair:1)
  2 shadows (D:9)
  5 humans (D:9)
  10 yaks
  2 wyverns (D:9)
  A steam dragon (D:9)
  A basilisk (Lair:1)
  A vampire mosquito (D:6)
  3 acid dragons
  2 water moccasins
  Duvessa (D:4)
  2 ice beasts
  6 orc warriors
  2 sky beasts
  2 black bears
  A centaur (D:7)
  An ogre (D:5)
  An elf zombie (Ossuary)
  3 kobold brigands (D:9)
  3 lemures (D:4)
  2 scorpions
  4 bullfrogs (Lair:1)
  2 elf skeletons (D:5)
  11 wights
  Dowan (D:4)
  3 killer bees (D:7)
  10 howler monkeys
  3 hounds
  2 bombardier beetles (D:5)
  7 orc priests
  4 jellies
  A human skeleton (D:5)
  4 human zombies
  4 iguanas
  A sleepcap (D:5)
  Ijyb (D:9)
  10 orc wizards
  5 hound zombies (Ossuary)
  2 mummies (Ossuary)
  11 adders
  A shadow imp (D:5)
  A white imp (D:8)
  4 adder zombies (Ossuary)
  3 dart slugs
  A ribbon worm (D:2)
  41 orcs
  4 ball pythons
  6 endoplasms
  A giant cockroach (D:4)
  7 gnoll zombies (Ossuary)
  5 hobgoblins
  4 jackals (D:9)
  6 quokkas
  3 frilled lizards
  A goblin (D:4)
  9 jackal zombies (Ossuary)
  21 kobolds
  5 kobold zombies (Ossuary)
  2 orc skeletons (D:5)
  3 orc zombies (Ossuary)
  2 rats
281 creatures vanquished.

Notes
Turn   | Place    | Note
-------+----------+-------------------------------------------
     0 | D:1      | Heh the Coglin Berserker began the quest for the Orb.
     0 | D:1      | Reached XP level 1. HP: 18/18 MP: 1/1
   194 | D:1      | Found Gigraok's Antique Weapon Shoppe.
   360 | D:1      | Reached XP level 2. HP: 24/24 MP: 2/2
   884 | D:1      | Found Saus's Assorted Antiques.
  1007 | D:2      | Reached skill level 4 in Long Blades
  1111 | D:2      | Reached XP level 3. HP: 29/29 MP: 3/3
  1195 | D:2      | Found a bloodstained altar of Trog.
  1252 | D:2      | Found Urrufudez's Weapon Shop.
  1330 | D:2      | Identified the +6 scale mail of Ashenzari's Regard {Rampage
                  | rPois rN++ Int-5}
  1775 | D:3      | Identified the +9 dagger "Xiserat" {protect, rPois Str+4
                  | Int-5 Dex+4}
  1787 | D:3      | Lost intelligence.
  1899 | D:3      | Found Piol's Antique Armour Shop.
  2460 | D:4      | Reached XP level 4. HP: 34/35 MP: 4/4
  2480 | D:4      | Noticed a lemure
  2480 | D:4      | Noticed a lemure
  2481 | D:4      | Noticed a lemure
  2481 | D:4      | Noticed Pikel
  2482 | D:4      | Noticed a lemure
  2487 | D:4      | Killed a lemure
  2491 | D:4      | Killed a lemure
  2498 | D:4      | Killed a lemure
  2502 | D:4      | Killed Pikel
  2503 | D:4      | Reached skill level 7 in Long Blades
  2503 | D:4      | Reached XP level 5. HP: 26/41 MP: 5/5
  2503 | D:4      | Reached XP level 6. HP: 30/47 MP: 6/6
  2503 | D:4      | Reached XP level 7. HP: 34/52 MP: 7/7
  2626 | D:4      | Reached skill level 8 in Long Blades
  2776 | D:4      | Noticed Duvessa
  2777 | D:4      | Noticed Dowan
  2782 | D:4      | Killed Duvessa
  2789 | D:4      | Killed Dowan
  3210 | D:4      | Found a hazy altar of Hepliaklqana.
  3241 | D:4      | Found a basalt altar of Yredelemnul.
  3299 | D:5      | Entered Level 5 of the Dungeon
  3348 | D:5      | Reached ** piety under Trog
  3376 | D:5      | Reached skill level 9 in Long Blades
  3396 | D:5      | Reached XP level 8. HP: 24/58 MP: 8/8
  3453 | D:5      | Found a sand-covered staircase.
  3464 | Ossuary  | Entered an ossuary
  3688 | Ossuary  | Reached skill level 10 in Long Blades
  3697 | Ossuary  | Reached *** piety under Trog
  3978 | D:5      | Reached skill level 11 in Long Blades
  4048 | D:5      | Reached XP level 9. HP: 30/63 MP: 9/9
  4179 | D:5      | Identified the +1 robe of Kindness {rF+ MP+9 Int+2}
  4668 | D:6      | Found a staircase to the Ecumenical Temple.
  4728 | D:6      | Reached skill level 12 in Long Blades
  4984 | D:6      | Noticed Prince Ribbit
  4988 | D:6      | Killed Prince Ribbit
  4989 | D:6      | Reached skill level 13 in Long Blades
  5059 | D:6      | Reached **** piety under Trog
  5315 | D:7      | Noticed Maggie
  5604 | D:7      | Reached XP level 10. HP: 67/70 MP: 10/10
  5803 | D:7      | Killed Maggie
  5955 | D:7      | Reached skill level 14 in Long Blades
  6861 | D:8      | Reached skill level 5 in Fighting
  6931 | D:8      | Identified the +5 short sword of the Six Leylines {pain,
                  | Int+7}
  6982 | D:8      | Found a staircase to the Lair.
  7048 | D:8      | Found Otrac's Armour Boutique.
  7122 | D:8      | Noticed Maurice
  7126 | D:8      | Maurice stole the +9 dagger "Xiserat" {protect, rPois Str+4
                  | Int-5 Dex+4}
  7131 | D:8      | Maurice stole 2 silver javelins
  7134 | D:8      | Killed Maurice
  7135 | D:8      | Reached skill level 5 in Dodging
  7193 | D:8      | Found a sacrificial altar of Ru.
  7321 | D:1      | Bought a glowing scimitar for 154 gold pieces
  7517 | D:9      | Reached ***** piety under Trog
  7624 | D:9      | Noticed Ijyb
  7639 | D:9      | Paralysed by Ijyb for 5 turns
  7654 | D:9      | Killed Ijyb
  7661 | D:9      | Reached XP level 11. HP: 69/83 MP: 11/11
  8129 | D:9      | Received a gift from Trog
  9335 | Lair:1   | Entered Level 1 of the Lair of Beasts
  9454 | D:1      | Bought a green potion for 27 gold pieces
  9454 | D:1      | Bought a black potion for 27 gold pieces
  9454 | D:1      | Bought a sedimented purple potion for 27 gold pieces
  9454 | D:1      | Bought a scroll labelled UNUDUH DUNUAVVEM for 31 gold
                  | pieces
  9454 | D:1      | Bought a scroll labelled LEWUMERHAP for 31 gold pieces
  9581 | Lair:1   | Gained mutation: Armour fits poorly on your strangely
                  | shaped body. [potion of mutation]
  9581 | Lair:1   | Gained mutation: You passively dampen the noise of your
                  | surroundings. [potion of mutation]
  9582 | Lair:1   | Lost mutation: Armour fits poorly on your strangely shaped
                  | body. [potion of mutation]
  9582 | Lair:1   | Lost mutation: You passively dampen the noise of your
                  | surroundings. [potion of mutation]
  9582 | Lair:1   | Lost intelligence.
  9582 | Lair:1   | Gained mutation: You are dopey. (Int -2) [potion of
                  | mutation]
  9582 | Lair:1   | Gained mutation: You possess an exceptional clarity of
                  | mind. [potion of mutation]
  9582 | Lair:1   | Gained mutation: You are resistant to electric shocks.
                  | (rElec) [potion of mutation]
  9582 | Lair:1   | Gained mutation: You passively dampen the noise of your
                  | surroundings. [potion of mutation]
  9815 | Lair:1   | Noticed a catoblepas
  9824 | Lair:1   | Killed a catoblepas
 10015 | Lair:1   | Reached skill level 5 in Armour
 10096 | Lair:1   | Noticed a catoblepas
 10111 | Lair:1   | HP: 4/87 [cane toad (6)]
 10111 | Lair:1   | Mangled by a catoblepas

Illustrated notes

Levels and vault maps discovered:
D:1:      amcnicky_arrival_flooded_fountain, layout_basic, serial_shops,
          nicolae_shop_peninsula, shop, hangedman_glass_teeth,
          minmay_pentomino_t4
D:2:      layout_basic, serial_shops, shop, serial_curves, eino_curves_03,
          eino_curves_01, basic_altar
D:3:      layout_loops_ring, serial_shops, shop
D:4:      layout_loops_ring, mainiacjoe_overflow_swirl, uniq_pikel, uniq_duvessa
D:5:      layout_basic, nicolae_ossuary_entry_catacombs
D:6:      layout_cave_pools, minmay_temple_entry_antechambers,
          minmay_misc_feat_hallway, minmay_manual_mail, uniq_prince_ribbit1
D:7:      layout_gridville, minivault_5, uniq_maggie
D:8:      layout_basic, mainiacjoe_overflow_concentric_impassable,
          lair_entry_dummy, serial_shops, shop, uniq_maurice
D:9:      erik_cavepeople, layout_basic, special_room [special_room_orc]
Lair:1:   layout_chaotic_city, ebering_ghost_reflecting_pool, minmay_holes

Skill      XL: |  1  2  3  4  5  6  7  8  9 10 11 |
---------------+----------------------------------+-----
Long Blades    | 4 7 9 11 13 14 | 14.0
Dodging        | 2 5 7 |  7.7
Fighting       | 6 8 |  8.8
Armour         | 5 |  5.1

Action                     |  1- 3 |  4- 6 |  7- 9 | 10-12 || total
---------------------------+-------+-------+-------+-------++-------
  Melee: Falchion          |    77 |    18 |    82 |       ||   177
         Dagger            |    67 |       |       |       ||    67
         Scimitar          |     5 |    19 |   277 |   498 ||   799
         Long sword        |       |       |   179 |    89 ||   268
 Invoke: Berserk           |       |     1 |     1 |     1 ||     3
  Evoke: Wand              |       |       |     1 |     1 ||     2
    Use: Scroll            |       |       |     5 |     6 ||    11
         Potion            |       |       |     1 |     2 ||     3
   Stab: Petrifying        |       |       |       |     1 ||     1
 Armour: Leather armour    |    29 |       |       |    42 ||    71
         Scale mail        |    13 |    13 |   188 |   183 ||   397
  Dodge: Dodged            |    38 |     2 |    97 |   122 ||   259

Table legend: (Time is in decaauts)
 A = Elapsed time spent in this place.
 B = Non-inter-level travel time spent in this place.
 C = Inter-level travel time spent in this place.
 D = Time resting spent in this place.
 E = Time spent auto-exploring this place.
 F = Levels seen in this place.
 G = Mean time per level.
                   A        B        C        D        E       F      G
               +--------+--------+--------+--------+--------+-----+--------+
         Total |  10078 |   9030 |   1048 |    337 |   7034 |  11 |  916.2 |
       Dungeon |   9108 |   8060 |   1048 |    201 |   6543 |   9 | 1012.0 |
          Lair |    603 |    603 |      0 |    136 |    313 |   1 |  603.0 |
       Ossuary |    366 |    366 |      0 |      0 |    178 |   1 |  366.0 |
               +--------+--------+--------+--------+--------+-----+--------+

Top non-repeatable levels by time:
     D:7: 1388 daAuts
     D:9: 1281 daAuts
     D:8: 1052 daAuts
     D:1: 1013 daAuts
     D:4: 931 daAuts
     D:2: 925 daAuts
     D:6: 901 daAuts
     D:5: 841 daAuts
     D:3: 773 daAuts
  Lair:1: 603 daAuts
 Ossuary: 366 daAuts
